 Dungeon Crawl Stone Soup version 0.28-a0-863-g8cecda6153 (webtiles) character file.

Game seed: 12478659830916828823

39 sanka the Chopper (level 3, -2/31 HPs)
             Began as a Palentonga Abyssal Knight on Nov 16, 2021.
             Was a Follower of Lugonu.
             Slain by a gnoll (10 damage)
             ... on level 1 of the Dungeon.
             The game lasted 00:01:49 (1256 turns).

sanka the Chopper (Palentonga Abyssal Knight)       Turns: 1256, Time: 00:01:50

Health: -2/31      AC:  5    Str: 17    XL:     3   Next: 26%
Magic:  4/4        EV:  8    Int: 10    God:    Lugonu [*.....]
Gold:   37         SH:  3    Dex: 10    Spells: 2/2 levels left

rFire   . . .      SeeInvis +   a - +1 hand axe
rCold   . . .      Faith    .   e - +0 buckler
rNeg    . . .      Spirit   .   b - +0 leather armour
rPois   .          Reflect  .   c - +0 helmet
rElec   .          Harm     .   (no cloak)
rCorr   .          Rampage  .   (no gloves)
Will    .....                   (no barding)
Stlth   +.........              (no amulet)
HPRegen 0.10/turn               (no ring)
MPRegen 0.09/turn               (no ring)

@: no status effects
A: large, rugged brown scales 3, see invisible, deformed body, roll 1, armoured
tail
a: Rolling Charge, Renounce Religion, Depart the Abyss


You were on level 1 of the Dungeon.
You worshipped Lugonu.
Lugonu was aware of your devotion.
You visited 1 branch of the dungeon, and saw 2 of its levels.
You visited the Abyss 1 time.

You collected 37 gold pieces.


Innate Abilities, Weirdness & Mutations

You are completely covered in rugged brown scales. (AC +3, +7% HP)
You have supernaturally acute eyesight. (SInv)
Armour fits poorly on your strangely shaped body.
You can roll at nearby foes to attack.
You have a long armoured tail.


   Skills:
 - Level 3.0 Fighting
 + Level 3.2 Axes
 - Level 1.5 Armour
 - Level 0.7 Dodging
 + Level 1.2 Shields
 - Level 2.0 Invocations


You had 2 spell levels left.
You didn't know any spells.
Your spell library contained the following spells:

 Spells                   Type           Power      Damage    Failure   Level
 Stone Arrow              Conj/Erth      0%         3d7       87%         3
 Animate Armour           Summ/Erth      0%         N/A       99%         4
 Lehudib's Crystal Spear  Conj/Erth      0%         10d2      100%        8

Inventory:

Hand Weapons
 a - a +1 hand axe (weapon)
Armour
 b - a +0 leather armour (worn)
 c - a +0 helmet (worn)
 e - a +0 buckler (worn)
 j - a +2 cloak
Scrolls
 d - a scroll of enchant weapon {unknown}
 f - a scroll of immolation {unknown}
 g - 3 scrolls of amnesia {unknown}
 i - 2 scrolls of identify {unknown}
Potions
 h - a potion of cancellation {unknown}
 k - a potion of lignification {unknown}

Dungeon Overview and Level Annotations

Branches:
Dungeon (2/15)

Altars:

▒▒▒▒▒▒▒▒▒▒▒▒ ...........▒
▒▒▒▒▒▒▒▒▒▒'▒▒▒▒▒▒▒▒▒▒▒▒▒▒▒▒▒▒▒▒▒▒
................H)>..............
.....▒▒▒▒....▒▒▒▒▒g▒▒▒▒▒▒▒▒▒▒▒▒▒▒
........▒..............)▒........
......▒.▒...............▒.▒▒▒▒▒▒▒
.▒......................▒.▒...▒
▒...▒..▒................▒.▒.▒.▒
▒..▒....................▒.▒▒▒.▒▒
..▒.....................▒......▒
.▒...▒..▒...............▒▒▒▒▒▒▒▒


You could see a gnoll.


Message History

You hit the gnoll.
The gnoll is severely wounded.
The gnoll hits you with a +0 club.
You slash the gnoll!
You kill the gnoll!
Lugonu accepts your kill.
No target in view!
You start resting.
HP restored.
You climb downwards.
The gnoll misses you.
There is a stone staircase leading up here.
The gnoll closely misses you.
The gnoll hits you from afar with a +0 spear.
The gnoll hits you from afar with a +0 halberd!
You block the gnoll's attack. The gnoll hits you with a +0 halberd.
There is a stone staircase leading up here.
The gnoll closely misses you. The gnoll hits you with a +0 halberd!
* * * LOW HITPOINT WARNING * * *
You climb upwards.
There is a stone staircase leading down, spattered with blood here.
Unknown command.
The gnoll hits you with a +0 halberd.
* * * LOW HITPOINT WARNING * * *
Things that are here:
a +0 club; a gnoll corpse The gnoll hits you from afar with a +0 halberd!
You die...

Action                   || total
-------------------------++-------
Melee: Hand axe          ||    67
       Tailslap          ||     3
Invok: Depart the Abyss  ||     1
Armor: Leather armour    ||    27
Dodge: Dodged            ||    27
Block: Buckler           ||     7

Levels and vault maps discovered:
D:1:      minmay_arrival_radiant_lines, layout_basic, minmay_splitting_lines
D:2:      layout_basic, basic_ecumenical_altar, minmay_between

Notes
Turn   | Place    | Note
-------+----------+-------------------------------------------
     0 | Abyss:1  | sanka the Palentonga Abyssal Knight began the quest for the
                  | Orb.
     0 | Abyss:1  | Reached XP level 1. HP: 19/19 MP: 2/2
    16 | Abyss:1  | Found a corrupted altar of Lugonu.
    78 | Abyss:1  | Noticed a chaos spawn
    96 | Abyss:1  | Noticed a sixfirhy
   136 | Abyss:1  | Noticed a spriggan defender skeleton
   140 | D:1      | Escaped the Abyss
   424 | D:1      | Reached XP level 2. HP: 24/25 MP: 3/3
   547 | D:1      | Reached * piety under Lugonu
   651 | D:1      | Reached skill level 3 in Axes
  1007 | D:2      | Reached skill level 1 in Shields
  1077 | D:2      | Reached XP level 3. HP: 21/31 MP: 4/4
  1256 | D:1      | Slain by a gnoll

Vanquished Creatures
  A gnoll (D:1)
  2 dart slugs (D:1)
  4 bats (D:1)
  2 endoplasms
  5 goblins
  2 hobgoblins (D:1)
  A quokka (D:1)
  A ball python (D:1)
  2 frilled lizards
  2 kobolds (D:1)
  3 rats (D:1)
25 creatures vanquished.
